| TOP OF THE 1ST |
|
Johnson City Cardinals batting - Pitching for Grand Junction Rockies : LHP Mike Pierce
|
|
Pitching: LHP Mike Pierce
|
|
|
Batting: RHB Chris Rouleau
|
0-0: Ball 1-0: Fly out, F7 (Flyball, 7, EV 87.5 MPH)
|
|
Batting: SHB Justin Houser
|
0-0: Called Strike 0-1: Called Strike 0-2: SOLO HOME RUN (Flyball, 89XD, EV 111.9 MPH), Distance : 444 ft
|
|
Batting: RHB McGwire Jones
|
0-0: Ball 1-0: Ball 2-0: Swinging Strike 2-1: Foul Ball, location: 2F 2-2: Strikes out swinging, 2-3 out at first.
|
|
Batting: LHB Ignacio Ocampo
|
0-0: Hit by Pitch
|
|
Batting: RHB Johnny Lowe
|
0-0: Ball Wild Pitch! Ignacio Ocampo to second 1-0: Ball 2-0: Called Strike 2-1: Foul Ball, location: 2F 2-2: Ground out 6-3 (Groundball, 6MS, EV 63.8 MPH)
|
| Top of the 1st over - 1 run, 1 hit, 0 errors, 1 left on base; Johnson City 1 - Grand Junction 0 |
| BOTTOM OF THE 1ST |
|
Grand Junction Rockies batting - Pitching for Johnson City Cardinals : RHP Jaquan Alston
|
|
Pitching: RHP Jaquan Alston
|
|
|
Batting: LHB Georges Lambert
|
0-0: Ball 1-0: Foul Ball, location: 2F 1-1: Foul Ball, location: 2F 1-2: Ball 2-2: Strikes out swinging
|
|
Batting: RHB Edwin Bejarano
|
0-0: Ball 1-0: Foul Ball, location: 2F 1-1: Swinging Strike 1-2: Strikes out looking
|
|
Batting: RHB Wali Mulogo
|
0-0: Ground out 4-3 (Groundball, 4MD, EV 92.5 MPH)
|
| Bottom of the 1st over - 0 runs, 0 hits, 0 errors, 0 left on base; Johnson City 1 - Grand Junction 0 |
| TOP OF THE 2ND |
|
Johnson City Cardinals batting - Pitching for Grand Junction Rockies : LHP Mike Pierce
|
|
Batting: RHB Juan Carrillo
|
0-0: Called Strike 0-1: SOLO HOME RUN (Flyball, 89XD, EV 111.2 MPH), Distance : 432 ft
|
|
Batting: RHB Adam Hudson
|
0-0: Ball 1-0: Ball 2-0: Called Strike 2-1: Ball 3-1: Foul Ball, location: 2F 3-2: Base on Balls
|
|
Batting: RHB Pablo Nunez
|
0-0: Ball 1-0: Foul Ball, location: 2F 1-1: Called Strike 1-2: Ball 2-2: Fielders Choice at 2nd, 6-4 (Groundball, 56, EV 94.4 MPH)
|
|
Batting: RHB Jonathan Winkler
|
0-0: Ball 1-0: TRIPLE (Flyball, 89XD, EV 110.6 MPH) Pablo Nunez scores
|
|
Batting: RHB Chris Rouleau
|
0-0: Swinging Strike 0-1: Foul Ball, location: 2F 0-2: Foul Ball, location: 2F 0-2: SINGLE (Groundball, 6MS, EV 65.0 MPH) (infield hit) Jonathan Winkler scores
|
|
Batting: SHB Justin Houser
|
0-0: Ball 1-0: Ball 2-0: Ball 3-0: Base on Balls Chris Rouleau to second
|
|
Batting: RHB McGwire Jones
|
0-0: Ball 1-0: Foul Ball, location: 2F 1-1: Foul Ball, location: 2F 1-2: Ball 2-2: Ball 3-2: Base on Balls Chris Rouleau to third Justin Houser to second
|
|
Batting: LHB Ignacio Ocampo
|
0-0: Ball 1-0: Called Strike 1-1: Called Strike 1-2: Strikes out swinging
|
|
Batting: RHB Johnny Lowe
|
0-0: Ball 1-0: Ball 2-0: Called Strike 2-1: Foul Ball, location: 2F 2-2: Ball 3-2: Base on Balls Chris Rouleau scores Justin Houser to third McGwire Jones to second
|
|
Batting: RHB Juan Carrillo
|
0-0: Ball 1-0: Swinging Strike 1-1: Swinging Strike 1-2: Foul Ball, location: 2F 1-2: Ball 2-2: Ground out 3-1 (Groundball, 34, EV 108.1 MPH)
|
| Top of the 2nd over - 4 runs, 3 hits, 0 errors, 3 left on base; Johnson City 5 - Grand Junction 0 |
| BOTTOM OF THE 2ND |
|
Grand Junction Rockies batting - Pitching for Johnson City Cardinals : RHP Jaquan Alston
|
|
Batting: RHB Justin Garrett
|
0-0: Ball 1-0: Foul Ball, location: 2F 1-1: Called Strike 1-2: Foul Ball, location: 2F 1-2: Ball 2-2: Ground out 5-3 (Groundball, 5, EV 103.8 MPH)
|
|
Batting: RHB Josh Lofgreen
|
0-0: Swinging Strike 0-1: Ball 1-1: Swinging Strike 1-2: Ball 2-2: Foul Ball, location: 2F 2-2: Ball 3-2: Fly out, F3 (Popup, 3SF, EV 71.9 MPH)
|
|
Batting: SHB J.D. Newman
|
0-0: Foul Ball, location: 2F 0-1: Ball 1-1: Foul Ball, location: 2F 1-2: Strikes out swinging
|
| Bottom of the 2nd over - 0 runs, 0 hits, 0 errors, 0 left on base; Johnson City 5 - Grand Junction 0 |
| TOP OF THE 3RD |
|
Johnson City Cardinals batting - Pitching for Grand Junction Rockies : LHP Mike Pierce
|
|
Pitching: RHP Ivan Castaneda
|
|
|
Batting: RHB Adam Hudson
|
0-0: SOLO HOME RUN (Flyball, 7LD, EV 98.8 MPH), Distance : 357 ft
|
|
Batting: RHB Pablo Nunez
|
0-0: Ball 1-0: Ball 2-0: Called Strike 2-1: SOLO HOME RUN (Flyball, 7D, EV 99.4 MPH), Distance : 392 ft
|
|
Batting: RHB Jonathan Winkler
|
0-0: Ball 1-0: Called Strike 1-1: Ground out 6-3 (Groundball, 56, EV 83.8 MPH)
|
|
Batting: RHB Chris Rouleau
|
0-0: Called Strike 0-1: Swinging Strike 0-2: Ground out 6-3 (Groundball, 6, EV 88.8 MPH)
|
|
Batting: SHB Justin Houser
|
0-0: Ball 1-0: Ball 2-0: Called Strike 2-1: SINGLE (Line Drive, 89M, EV 85.6 MPH)
|
|
Batting: RHB McGwire Jones
|
0-0: DOUBLE (Groundball, 5L, EV 103.1 MPH) Justin Houser to third Runner from 3rd tries for Home, throw by LF and OUT! 7-6-2
|
| Top of the 3rd over - 2 runs, 4 hits, 0 errors, 1 left on base; Johnson City 7 - Grand Junction 0 |
| BOTTOM OF THE 3RD |
|
Grand Junction Rockies batting - Pitching for Johnson City Cardinals : RHP Jaquan Alston
|
|
Batting: SHB Rich McDonald
|
0-0: Foul Ball, location: 2F 0-1: Foul Ball, location: 2F 0-2: Ball 1-2: Ground out U3 (Groundball, 34, EV 100.0 MPH)
|
|
Batting: RHB Tom Gentry
|
0-0: Ball 1-0: Fly out, F8 (Flyball, 8LD, EV 98.1 MPH)
|
|
Batting: RHB Mike Chiquete
|
0-0: Ball 1-0: Called Strike 1-1: Ball 2-1: Ground out 6-3 (Groundball, 6, EV 81.9 MPH)
|
| Bottom of the 3rd over - 0 runs, 0 hits, 0 errors, 0 left on base; Johnson City 7 - Grand Junction 0 |
| TOP OF THE 4TH |
|
Johnson City Cardinals batting - Pitching for Grand Junction Rockies : RHP Ivan Castaneda
|
|
Batting: LHB Ignacio Ocampo
|
0-0: Foul Ball, location: 2F 0-1: Ball 1-1: Fly out, F9 (Flyball, 9S, EV 89.4 MPH)
|
|
Batting: RHB Johnny Lowe
|
0-0: Ball 1-0: Called Strike 1-1: SINGLE (Line Drive, 9LS, EV 102.5 MPH)
|
|
Batting: RHB Juan Carrillo
|
0-0: Ball Wild Pitch! Johnny Lowe to second 1-0: Ball 2-0: Called Strike 2-1: Foul Ball, location: 2F 2-2: Strikes out looking
|
|
Batting: RHB Adam Hudson
|
0-0: Swinging Strike 0-1: Ball 1-1: Called Strike 1-2: Hit by Pitch
|
|
Batting: RHB Pablo Nunez
|
0-0: 3-RUN HOME RUN (Flyball, 9LD, EV 95.6 MPH), Distance : 342 ft
|
|
Pitching: RHP Carlos Manriquez
|
|
|
Batting: RHB Jonathan Winkler
|
0-0: Ball 1-0: TRIPLE (Flyball, 78XD, EV 92.5 MPH)
|
|
Batting: RHB Chris Rouleau
|
0-0: Called Strike 0-1: Ball 1-1: Swinging Strike 1-2: Foul Ball, location: 2F 1-2: Ground out 6-3 (Groundball, 6, EV 77.5 MPH)
|
| Top of the 4th over - 3 runs, 3 hits, 0 errors, 1 left on base; Johnson City 10 - Grand Junction 0 |
| BOTTOM OF THE 4TH |
|
Grand Junction Rockies batting - Pitching for Johnson City Cardinals : RHP Jaquan Alston
|
|
Batting: LHB Georges Lambert
|
0-0: Swinging Strike 0-1: Foul Ball, location: 2F 0-2: Ball 1-2: Ball 2-2: Fly out, F7 (Flyball, 78M, EV 85.6 MPH)
|
|
Batting: RHB Edwin Bejarano
|
0-0: Ball 1-0: Ground out 1-3 (Groundball, 25, EV 62.5 MPH)
|
|
Batting: RHB Wali Mulogo
|
0-0: Foul Ball, location: 2F 0-1: Ground out U3 (Groundball, 23, EV 86.9 MPH)
|
| Bottom of the 4th over - 0 runs, 0 hits, 0 errors, 0 left on base; Johnson City 10 - Grand Junction 0 |
| TOP OF THE 5TH |
|
Johnson City Cardinals batting - Pitching for Grand Junction Rockies : RHP Carlos Manriquez
|
|
Batting: SHB Justin Houser
|
0-0: Foul Ball, location: 2F 0-1: Ball 1-1: Foul Ball, location: 2F 1-2: Ground out 4-3 (Groundball, 34, EV 105.0 MPH)
|
|
Batting: RHB McGwire Jones
|
0-0: Swinging Strike 0-1: Swinging Strike 0-2: Fly out, F7 (Flyball, 7S, EV 91.2 MPH)
|
|
Batting: LHB Ignacio Ocampo
|
0-0: Fly out, F8 (Line Drive, 8LD, EV 105.0 MPH)
|
| Top of the 5th over - 0 runs, 0 hits, 0 errors, 0 left on base; Johnson City 10 - Grand Junction 0 |
| BOTTOM OF THE 5TH |
|
Grand Junction Rockies batting - Pitching for Johnson City Cardinals : RHP Jaquan Alston
|
|
Batting: RHB Justin Garrett
|
0-0: Ball 1-0: Foul Ball, location: 2F 1-1: SOLO HOME RUN (Flyball, 7D, EV 100.0 MPH), Distance : 374 ft
|
|
Batting: RHB Josh Lofgreen
|
0-0: Called Strike 0-1: Ball 1-1: Foul Ball, location: 2F 1-2: SINGLE (Line Drive, 8LS, EV 85.6 MPH)
|
|
Batting: SHB J.D. Newman
|
0-0: Called Strike 0-1: Foul Ball, location: 2F 0-2: Ball 1-2: Foul Ball, location: 2F 1-2: Ball 2-2: Strikes out swinging
|
|
Batting: SHB Rich McDonald
|
0-0: Foul Ball, location: 2F 0-1: Ball 1-1: Swinging Strike 1-2: Fielders Choice at 2nd, 4-6 (Groundball, 34, EV 88.1 MPH)
|
|
Batting: RHB Tom Gentry
|
0-0: Ground out 4-3 (Groundball, 4, EV 86.2 MPH)
|
| Bottom of the 5th over - 1 run, 2 hits, 0 errors, 1 left on base; Johnson City 10 - Grand Junction 1 |
| TOP OF THE 6TH |
|
Johnson City Cardinals batting - Pitching for Grand Junction Rockies : RHP Carlos Manriquez
|
|
Batting: RHB Johnny Lowe
|
0-0: Called Strike 0-1: Foul Ball, location: 2F 0-2: Ground out 3-1 (Groundball, 34S, EV 86.2 MPH)
|
|
Batting: RHB Juan Carrillo
|
0-0: Ball 1-0: Fly out, F9 (Flyball, 9, EV 86.2 MPH)
|
|
Batting: RHB Adam Hudson
|
0-0: Ball 1-0: Foul Ball, location: 2F 1-1: Called Strike 1-2: Foul Ball, location: 2F 1-2: Foul Ball, location: 2F 1-2: Ball 2-2: Ground out 5-3 (Groundball, 56, EV 86.9 MPH)
|
| Top of the 6th over - 0 runs, 0 hits, 0 errors, 0 left on base; Johnson City 10 - Grand Junction 1 |
| BOTTOM OF THE 6TH |
|
Grand Junction Rockies batting - Pitching for Johnson City Cardinals : RHP Jaquan Alston
|
|
Batting: RHB Mike Chiquete
|
0-0: Ball 1-0: Called Strike 1-1: Ball 2-1: Ball 3-1: Swinging Strike 3-2: Strikes out swinging
|
|
Batting: LHB Georges Lambert
|
0-0: Ball 1-0: Ground out 6-3 (Groundball, 6, EV 84.4 MPH)
|
|
Batting: RHB Edwin Bejarano
|
0-0: Ball 1-0: SINGLE (Line Drive, 9S, EV 98.8 MPH)
|
|
Batting: RHB Wali Mulogo
|
0-0: 2-RUN HOME RUN (Flyball, 7LD, EV 94.4 MPH), Distance : 350 ft
|
|
Batting: RHB Justin Garrett
|
0-0: Ball 1-0: Foul Ball, location: 2F 1-1: Fly out, F7 (Line Drive, 7, EV 95.6 MPH)
|
| Bottom of the 6th over - 2 runs, 2 hits, 0 errors, 0 left on base; Johnson City 10 - Grand Junction 3 |
| TOP OF THE 7TH |
|
Johnson City Cardinals batting - Pitching for Grand Junction Rockies : RHP Carlos Manriquez
|
|
Pinch Hitting: RHB Sal Guzman
|
0-0: Called Strike 0-1: Called Strike 0-2: Ball 1-2: Ball 2-2: SOLO HOME RUN (Flyball, 9LD, EV 92.5 MPH), Distance : 362 ft
|
|
Batting: RHB Jonathan Winkler
|
0-0: Called Strike 0-1: SOLO HOME RUN (Flyball, 7LD, EV 91.2 MPH), Distance : 350 ft
|
|
Batting: RHB Chris Rouleau
|
0-0: Ball 1-0: SINGLE (Line Drive, 78M, EV 100.0 MPH)
|
|
Batting: SHB Justin Houser
|
0-0: Ball 1-0: Called Strike 1-1: Ball Wild Pitch! Chris Rouleau to second 2-1: Swinging Strike 2-2: Ball 3-2: Base on Balls
|
|
Batting: RHB McGwire Jones
|
0-0: Called Strike 0-1: Fly out, F9 (Line Drive, 9, EV 98.8 MPH)
|
|
Batting: LHB Ignacio Ocampo
|
0-0: Foul Ball, location: 2F 0-1: Ball 1-1: Ball 2-1: 3-RUN HOME RUN (Flyball, 7LD, EV 91.2 MPH), Distance : 335 ft
|
|
Pitching: RHP Xavier Williams
|
|
|
Batting: RHB Johnny Lowe
|
0-0: Ball 1-0: Ball 2-0: Ground out 5-3 (Groundball, 56, EV 84.4 MPH)
|
|
Batting: RHB Juan Carrillo
|
0-0: Ball 1-0: Foul Ball, location: 2F 1-1: Ball 2-1: DOUBLE (Line Drive, 9LS, EV 88.1 MPH)
|
|
Batting: RHB Adam Hudson
|
0-0: Ball Wild Pitch! Juan Carrillo to third 1-0: Ball 2-0: Ball 3-0: Base on Balls
|
|
Batting: RHB Sal Guzman
|
0-0: Ball Wild Pitch! Juan Carrillo scores Adam Hudson to second 1-0: Foul Ball, location: 2F 1-1: Foul Ball, location: 2F 1-2: Ball Passed Ball! Adam Hudson to third 2-2: Strikes out looking
|
| Top of the 7th over - 6 runs, 5 hits, 0 errors, 1 left on base; Johnson City 16 - Grand Junction 3 |
| BOTTOM OF THE 7TH |
|
Grand Junction Rockies batting - Pitching for Johnson City Cardinals : RHP Jaquan Alston
|
|
Now in LF: Edgar Klockow
|
|
|
Batting: RHB Josh Lofgreen
|
0-0: Ball 1-0: Ball 2-0: Foul Ball, location: 2F 2-1: Foul Ball, location: 2F 2-2: Foul Ball, location: 2F 2-2: Ground out 3-1 (Groundball, 34, EV 81.9 MPH)
|
|
Batting: SHB J.D. Newman
|
0-0: Fly out, F6 (Popup, 6M, EV 74.4 MPH)
|
|
Batting: SHB Rich McDonald
|
0-0: Ball 1-0: SOLO HOME RUN (Flyball, 9D, EV 105.0 MPH), Distance : 400 ft
|
|
Batting: RHB Tom Gentry
|
0-0: Ball 1-0: Called Strike 1-1: Ground out 6-3 (Groundball, P, EV 85.6 MPH)
|
| Bottom of the 7th over - 1 run, 1 hit, 0 errors, 0 left on base; Johnson City 16 - Grand Junction 4 |
| TOP OF THE 8TH |
|
Johnson City Cardinals batting - Pitching for Grand Junction Rockies : RHP Xavier Williams
|
|
Batting: RHB Jonathan Winkler
|
0-0: Called Strike 0-1: Ball 1-1: Ball 2-1: Ball 3-1: Called Strike 3-2: Strikes out swinging
|
|
Batting: RHB Chris Rouleau
|
0-0: Ball 1-0: Swinging Strike 1-1: Ball 2-1: Ground out 4-3 (Groundball, 4, EV 82.5 MPH)
|
|
Batting: SHB Justin Houser
|
0-0: Foul Ball, location: 2F 0-1: Ball 1-1: Swinging Strike 1-2: Ball 2-2: Foul Ball, location: 2F 2-2: Strikes out swinging
|
| Top of the 8th over - 0 runs, 0 hits, 0 errors, 0 left on base; Johnson City 16 - Grand Junction 4 |
| BOTTOM OF THE 8TH |
|
Grand Junction Rockies batting - Pitching for Johnson City Cardinals : RHP Jaquan Alston
|
|
Batting: RHB Mike Chiquete
|
0-0: Ball 1-0: Fly out, F7 (Flyball, 7LS, EV 90.6 MPH)
|
|
Batting: LHB Georges Lambert
|
0-0: Foul Ball, location: 2F 0-1: Ground out 5-3 (Groundball, 56, EV 77.5 MPH)
|
|
Batting: RHB Edwin Bejarano
|
0-0: Ball 1-0: Ground out 5-3 (Groundball, 56, EV 88.1 MPH)
|
| Bottom of the 8th over - 0 runs, 0 hits, 0 errors, 0 left on base; Johnson City 16 - Grand Junction 4 |
| TOP OF THE 9TH |
|
Johnson City Cardinals batting - Pitching for Grand Junction Rockies : RHP Xavier Williams
|
|
Pinch Hitting: RHB Geoff Musico
|
0-0: Swinging Strike 0-1: Ball 1-1: Called Strike 1-2: Ball 2-2: Foul Ball, location: 2F 2-2: Foul Ball, location: 2F 2-2: Ball 3-2: Base on Balls
|
|
Batting: LHB Ignacio Ocampo
|
0-0: Swinging Strike 0-1: Called Strike 0-2: Foul Ball, location: 2F 0-2: DOUBLE (Groundball, 3L, EV 103.8 MPH) Geoff Musico to third
|
|
Batting: RHB Johnny Lowe
|
0-0: Called Strike 0-1: Ball 1-1: Called Strike 1-2: DOUBLE (Line Drive, 78D, EV 100.6 MPH) Geoff Musico scores Ignacio Ocampo scores
|
|
Batting: RHB Juan Carrillo
|
0-0: Called Strike 0-1: Ball 1-1: Ball 2-1: SINGLE (Groundball, 56, EV 103.1 MPH) (infield hit) Johnny Lowe to third
|
|
Pitching: RHP Joe Shade
|
|
|
Pinch Hitting: RHB Julio Sandoval
|
0-0: Swinging Strike 0-1: Swinging Strike 0-2: Foul Ball, location: 2F 0-2: Strikes out swinging
|
|
Batting: RHB Edgar Klockow
|
0-0: Called Strike 0-1: Ball 1-1: Swinging Strike 1-2: Strikes out looking
|
|
Batting: RHB Jonathan Winkler
|
0-0: Ball 1-0: Ball 2-0: Ball 3-0: Called Strike 3-1: Called Strike 3-2: Foul Ball, location: 2F 3-2: Foul Ball, location: 2F 3-2: Base on Balls Juan Carrillo to second
|
|
Batting: RHB Chris Rouleau
|
0-0: Ball 1-0: SINGLE (Line Drive, 6MD, EV 100.0 MPH) Johnny Lowe scores Juan Carrillo to third Jonathan Winkler to second Runner from 3rd tries for Home, SAFE, throw by CF to home
|
|
Batting: SHB Justin Houser
|
0-0: Ball 1-0: Ball Wild Pitch! Jonathan Winkler to third Chris Rouleau to second 2-0: Ball 3-0: Called Strike 3-1: Base on Balls
|
|
Batting: RHB Geoff Musico
|
0-0: Foul Ball, location: 2F 0-1: Ball 1-1: Foul Ball, location: 2F 1-2: Ball 2-2: Fly out, F8 (Flyball, 8LM, EV 79.4 MPH)
|
| Top of the 9th over - 4 runs, 4 hits, 0 errors, 3 left on base; Johnson City 20 - Grand Junction 4 |
| BOTTOM OF THE 9TH |
|
Grand Junction Rockies batting - Pitching for Johnson City Cardinals : RHP Jaquan Alston
|
|
Now at C: Geoff Musico
|
|
|
Now at 1B: Billy Lang
|
|
|
Batting: RHB Wali Mulogo
|
0-0: Foul Ball, location: 2F 0-1: Ball 1-1: Fly out, F8 (Line Drive, 8LD, EV 110.0 MPH)
|
|
Batting: RHB Justin Garrett
|
0-0: Foul Ball, location: 2F 0-1: Swinging Strike 0-2: Ball 1-2: Ground out 1-3 (Groundball, 13S, EV 66.2 MPH)
|
|
Batting: RHB Josh Lofgreen
|
0-0: Called Strike 0-1: Ball 1-1: SINGLE (Line Drive, 34D, EV 105.6 MPH)
|
|
Batting: SHB J.D. Newman
|
0-0: Swinging Strike 0-1: Swinging Strike 0-2: Ball 1-2: Ball 2-2: Strikes out looking
|
| Bottom of the 9th over - 0 runs, 1 hit, 0 errors, 1 left on base; Johnson City 20 - Grand Junction 4 |
|